 Dungeon Crawl Stone Soup version 0.20-a0-960-ge493e74 (webtiles) character file.

441 Leibowitz the Cutter (level 7, -4/44 HPs)
             Began as a Kobold Fighter on Apr 7, 2017.
             Slain by a gnoll
             ... wielding a +0 spear of piercing
              (11 damage)
             ... on level 3 of the Dungeon.
             The game lasted 00:09:03 (3967 turns).

Leibowitz the Cutter (Kobold Fighter)               Turns: 3967, Time: 00:09:04

Health: -4/44      AC:  6    Str: 14    XL:     7   Next: 22%
Magic:  7/7        EV: 12    Int:  9    God:
Gold:   160        SH:  9    Dex: 16    Spells: 6/6 levels left

rFire    . . .     SeeInvis .   a - +0 rapier
rCold    . . .     Gourm    .   c - +0 shield
rNeg     . . .     Faith    .   i - +0 leather armour
rPois    .         Spirit   .   (no helmet)
rElec    .         Reflect  .   l - +2 cloak
rCorr    .         Harm     .   (no gloves)
MR       +....                  (no boots)
Stlth    +.........             (no amulet)
Regen    0.2/turn               j - ring of loudness (curse)
MPRegen  0.1/turn               d - ring of protection from magic

@: no status effects
A: carnivore 3
a: no special abilities


You were on level 3 of the Dungeon.
You were completely stuffed.

You visited 1 branch of the dungeon, and saw 3 of its levels.

You collected 160 gold pieces.

Inventory:

Hand Weapons
 a - a +0 rapier (weapon)
Missiles
 k - 12 poisoned needles
 p - a throwing net (quivered)
Armour
 c - a +0 shield (worn)
 i - a +0 leather armour (worn)
 l - a +2 cloak (worn)
Jewellery
 d - a ring of protection from magic (right hand)
 j - a cursed ring of loudness (left hand)
 m - an uncursed ring of magical power
Scrolls
 e - a scroll of teleportation
 n - 2 scrolls of identify
Potions
 b - a potion of mutation {unknown}
 g - a potion of curing
 o - a potion of flight {unknown}
Comestibles
 f - 3 meat rations
 h - 2 royal jellies


   Skills:
 * Level 4.4 Fighting
 * Level 5.8 Short Blades
 * Level 3.2 Armour
 * Level 2.6 Dodging
 * Level 3.0 Stealth
 * Level 3.3 Shields


You had 6 spell levels left.
You didn't know any spells.

Dungeon Overview and Level Annotations

Branches:
Dungeon (3/15)

Altars:


Innate Abilities, Weirdness & Mutations

You are small and have problems with some larger weapons.
You are carnivorous and can eat meat at any time.


Message History

Your Stealth skill increases to level 3!
You block the gnoll's attack. x2; The gnoll closely misses you.
You see here a whip.
You see here a throwing net.
p - a throwing net The gnoll hits you from afar with a spear of piercing.
* * * LOW HITPOINT WARNING * * *
Found a scroll labeled ENOEKI NOLUMN.
You start resting.
You hit the gnoll but do no damage.
The gnoll hits you with a spear of piercing.
* * * LOW HITPOINT WARNING * * *
You puncture the gnoll!
The gnoll is severely wounded.
The gnoll hits you with a spear of piercing.
* * * LOW HITPOINT WARNING * * *
x2 You hit the gnoll but do no damage.
The gnoll is severely wounded.
The gnoll hits you with a spear of piercing!
You die...

##........###. ##.......###
#. #. #.........####. ..?
#.......)...... ####..
####.........##### #...
#####............#
###.########gg...##.........#
#........g...####g..........#
..##############@.#.........#
..# ########...##.........#
..#####........####.........#
........######## #.........#
..####### ##.......## ..#
##.....## ..# ####### ###


You could see a gnoll.

Vanquished Creatures
  Sigmund (D:2)
  A phantom (D:3)
  Jessica (D:2)
  Terence (D:3)
  A gnoll (D:3)
  7 adders
  A howler monkey skeleton (D:3)
  2 worms (D:2)
  A dart slug (D:2)
  A leopard gecko (D:1)
  A ball python (D:2)
  11 bats
  6 giant cockroaches
  4 goblins
  6 hobgoblins
  3 jackals (D:1)
  4 quokkas
  7 frilled lizards
  5 kobolds
  6 rats
70 creatures vanquished.

Notes
Turn   | Place    | Note
-------+----------+-------------------------------------------
     0 | D:1      | Leibowitz the Kobold Fighter began the quest for the Orb.
     0 | D:1      | Reached XP level 1. HP: 14/14 MP: 1/1
   366 | D:1      | Reached XP level 2. HP: 19/19 MP: 2/2
   817 | D:1      | Reached skill level 1 in Stealth
   818 | D:1      | Reached skill level 3 in Short Blades
  1110 | D:1      | Reached XP level 3. HP: 23/23 MP: 3/3
  1446 | D:2      | Noticed Jessica
  1475 | D:2      | Killed Jessica
  1475 | D:2      | Reached XP level 4. HP: 5/29 MP: 4/4
  2093 | D:2      | Reached skill level 1 in Dodging
  2390 | D:2      | Noticed Sigmund
  2497 | D:2      | Reached XP level 5. HP: 33/33 MP: 5/5
  2536 | D:2      | Reached skill level 4 in Short Blades
  2834 | D:2      | Killed Sigmund
  2834 | D:2      | Reached skill level 5 in Short Blades
  2834 | D:2      | Reached XP level 6. HP: 22/38 MP: 6/6
  3246 | D:3      | Noticed Terence
  3256 | D:3      | Killed Terence
  3528 | D:3      | Noticed a phantom
  3654 | D:3      | Killed a phantom
  3654 | D:3      | Reached XP level 7. HP: 12/44 MP: 7/7
  3967 | D:3      | Slain by a gnoll

Vault maps used:
D:1:      wheals_arrival_linesprint
D:2:      uniq_jessica, uniq_sigmund
D:3:      first_bread, kennysheep_nondescript, uniq_terence

Skill      XL: |  1  2  3  4  5  6  7 |
---------------+----------------------+-----
Stealth        | 1 2 3 |  3.0
Short Blades   | 3 5 |  5.8
Dodging        | 1 2 |  2.6
Fighting       | 4 |  4.4
Armour         | 3 |  3.2
Shields        | 3 |  3.3

Action                   |  1- 3 |  4- 6 |  7- 9 || total
-------------------------+-------+-------+-------++-------
Melee: Rapier            |    94 |   204 |    18 ||   316
Throw: Throwing net      |       |     1 |       ||     1
  Use: Scroll            |     1 |     2 |       ||     3
       Potion            |       |     3 |       ||     3
 Stab: Sleeping          |     1 |       |       ||     1
       Held in net/web   |       |     2 |       ||     2
  Eat: Chunk             |     8 |     9 |     1 ||    18
Armor: Scale mail        |     4 |       |       ||     4
       Robe              |     1 |       |       ||     1
       Leather armour    |    24 |    28 |     5 ||    57
Dodge: Dodged            |    34 |    63 |    10 ||   107
Block: Shield            |    40 |    76 |    14 ||   130
